 Dungeon Crawl Stone Soup version 0.30-a0-1157-g2cc9ac7196 (webtiles) character file.

Game seed: 147320308781403890

3752 Sobieck the Arsonist (level 9, -2/45 HPs)
             Began as a Deep Elf Conjurer on Apr 24, 2023.
             Was a Believer of Sif Muna.
             Slain by an orc warrior
             ... wielding a +0 halberd
              (7 damage)
             ... on level 8 of the Dungeon.
             The game lasted 00:18:38 (8527 turns).

Sobieck the Arsonist (Deep Elf Conjurer)            Turns: 8527, Time: 00:18:39

Health: -2/45      AC:  6    Str:  4    XL:     9   Next: 93%
Magic:  19/30      EV: 11    Int: 34    God:    Sif Muna [**....]
Gold:   475        SH:  0    Dex: 13    Spells: 1/22 levels left

rFire   . . .        c - +5 quarterstaff {staff}
rCold   . . .        (shield currently unavailable)
rNeg    . . .        u - +1 troll leather armour
rPois   .            (no helmet)
rElec   .            i - scarf {+Inv}
rCorr   .            (no gloves)
SInv    .            l - +0 pair of boots
Will    .....        r - amulet of regeneration {@e2}
Stlth   ++           T - ring of magical power
HPRegen 1.87/turn    M - +6 ring of intelligence
MPRegen 0.22/turn

%: no passive effects
@: very slightly contaminated
A: no striking features
a: Renounce Religion, Evoke Invisibility, Channel Magic


You were on level 8 of the Dungeon.
You worshipped Sif Muna.
Sif Muna was pleased with you.
You visited 1 branch of the dungeon, and saw 8 of its levels.

You collected 475 gold pieces.


   Skills:
 - Level 2.4 Dodging
 - Level 2.4 Stealth
 - Level 7.0 Spellcasting
 - Level 7.0 Conjurations
 - Level 10.0 Fire Magic
 + Level 8.5 Air Magic


You had one spell level left.
You knew the following spells:

 Your Spells              Type           Power      Damage    Failure   Level
a - Magic Dart            Conj           100%       1d8       1%          1
b - Searing Ray           Conj           100%       2d8       1%          2
c - Sticky Flame          Conj/Fire      62%        2d8       1%          4
d - Flame Wave            Conj/Fire      62%        2d14      1%          4
e - Iskenderun's Mystic   Conj/Tloc      35%        2d8       16%         4
f - Plasma Beam           Fire/Air       33%        2x1d50    22%         6

Your spell library contained the following spells:

 Spells                   Type           Power      Damage    Failure   Level
 Apportation              Tloc           22%        N/A       6%          1
 Necrotise                Necr           44%        1d6       6%          1
 Summon Small Mammal      Summ           44%        N/A       6%          1
 Inner Flame              Hex/Fire       45%        N/A       2%          3
 Mephitic Cloud           Conj/Pois/Air  47%        N/A       2%          3
 Vhi's Electric Charge    Tloc/Air       80%        N/A       3%          3
 Dazzling Flash           Conj/Hex       70%        N/A       4%          3
 Arcjolt                  Conj/Air       29%        1d39      8%          5
 Call Imp                 Summ           22%        N/A       10%         2
 Ensorcelled Hibernation  Hex/Ice        22%        N/A       10%         2
 Fulminant Prism          Conj/Hex       17%        3d10      16%         4
 Call Canine Familiar     Summ           11%        N/A       19%         3
 Spider Form              Tmut/Pois      11%        N/A       19%         3
 Summon Guardian Golem    Hex/Summ       11%        N/A       19%         3
 Silence                  Hex/Air        20%        N/A       30%         5
 Anguish                  Hex/Necr       5%         N/A       54%         4
 Agony                    Necr           11%        N/A       87%         5

Inventory:

Hand Weapons
 c - a +5 quarterstaff (weapon) {staff}
   (You took it off Blork the orc on level 5 of the Dungeon)
 n - a +0 club {mace}
   (You took it off a goblin on level 1 of the Dungeon)
 o - a +0 war axe {axe}
   (You found it on level 1 of the Dungeon)
 s - a +0 sling
   (You found it on level 2 of the Dungeon)
 x - a +0 spear {polearm}
   (You found it on level 2 of the Dungeon)
 H - a +0 dagger {short}
   (You took it off a kobold on level 3 of the Dungeon)
 I - a +0 sling
   (You found it on level 3 of the Dungeon)
 J - a +0 short sword {short}
   (You found it on level 3 of the Dungeon)
 Y - a +0 spear {polearm}
   (You took it off a gnoll on level 5 of the Dungeon)
Missiles
 p - a throwing net {=f!fthrowing}
 y - 5 boomerangs {throwing}
 E - 16 boomerangs of dispersal {=f!fthrowing}
 K - 28 poisoned darts {throwing}
Armour
 i - a scarf of invisibility (worn)
   (You found it on level 1 of the Dungeon)
 l - a +0 pair of boots (worn)
   (You found it on level 6 of the Dungeon)
 u - a +1 troll leather armour (worn)
   (You found it on level 2 of the Dungeon)
 z - a +0 robe
   (You found it on level 2 of the Dungeon)
 C - a +0 robe
   (You found it on level 3 of the Dungeon)
 D - a +0 leather armour
   (You found it on level 3 of the Dungeon)
 F - a +0 ring mail
   (You found it on level 3 of the Dungeon)
 L - a +0 scale mail
   (You found it on level 4 of the Dungeon)
 P - a +0 ring mail
   (You found it on level 5 of the Dungeon)
 Q - a +0 leather armour
   (You took it off an orc on level 5 of the Dungeon)
 S - a +0 leather armour
   (You took it off an orc on level 5 of the Dungeon)
Magical Staves
 R - a staff of conjuration {!a@e2staff}
   (You found it on level 4 of the Dungeon)
Jewellery
 e - a ring of flight
   (You found it on level 1 of the Dungeon)
 f - a +6 ring of strength
   (You found it on level 1 of the Dungeon)
 r - an amulet of regeneration (around neck) {@e2}
   (You found it on level 2 of the Dungeon)
 M - a +6 ring of intelligence (right hand)
   (You found it on level 6 of the Dungeon)
 T - a ring of magical power (left hand)
   (You found it on level 6 of the Dungeon)
Wands
 b - a wand of mindburst (15)
   (You found it on level 7 of the Dungeon)
 h - a wand of charming (9)
   (You found it on level 8 of the Dungeon)
Scrolls
 g - a scroll of amnesia
 m - a scroll of enchant weapon
 q - a scroll of teleportation {unknown}
 w - a scroll of immolation {unknown}
 G - 2 scrolls of fear
 N - a scroll of fog
 O - 2 scrolls of noise {unknown}
 X - 3 scrolls of magic mapping {unknown}
Potions
 a - 2 potions of brilliance
 d - a potion of cancellation {unknown}
 j - a potion of invisibility
 k - a potion of flight
 t - 2 potions of might
 v - 2 potions of haste {@q3}
 A - a potion of degeneration {unknown}
 B - a potion of heal wounds {@q2}
 U - 4 potions of berserk rage {!q}
 V - a potion of lignification {unknown}
 W - a potion of mutation {!q}
 Z - a potion of attraction {!q}

Dungeon Overview and Level Annotations

Branches:
Dungeon (8/15) Zot: 26330  Temple (0/1) D:4
   Lair: D:8-11

Altars:
Gozag
Hepliaklqana
Kikubaaqudgha
Makhleb
Sif Muna
Uskayaw
Xom
Zin

### ### ### #.# #.#
..### #.# #.######
..... #.####.[....#
...## #.....)####.#
#### #.###### #.#
###### #.# #.#
#....#####.#########.#
'....'......o.)o@...>#
#....##.##.#########.#
####### #....##.##.#
#.######......
#....##.##.#
#.....##......
##'####.##.#
#.....##...... ##.#
#.##.# #....>##......
##.# ......
#.....##...... ##.#
..##.# #.....##......
...# ...
#.....##......


You could see an orc warrior and an orc wizard.


Message History

The gnoll shouts!
You hear a shout!
The magic dart hits the gnoll.
The magic dart hits the gnoll!
The magic dart hits the gnoll.
You kill the gnoll!
Sif Muna accepts your kill.
A gnoll comes into view. It is wielding a +0 spear.
Danger!
The magic dart hits the gnoll!
The magic dart hits the gnoll.
The magic dart hits the gnoll.
The magic dart hits the gnoll.
The magic dart hits the gnoll.
You kill the gnoll!
Sif Muna accepts your kill.
Your pack is full.
Things that are here:
a +0 spear {polearm}; a throwing net {=f!fthrowing}; a gnoll corpse Unknown command.
Your pack is full.
Things that are here:
a +0 spear {polearm}; a throwing net {=f!fthrowing}; a gnoll corpse Could not pick up a throwing net {=f!fthrowing} here; ([A]lways) ignore it?
Okay, then.
You drop a +0 robe.
p - a throwing net {=f!fthrowing}
Things that are here:
a +0 robe; a +0 spear {polearm}; a gnoll corpse You see here a +0 halberd {polearm}.
You open the door.
There is an open door here.
You now have 443 gold pieces (gained 16).
You open the door. You open the door.
There is an open door here.
You now have 456 gold pieces (gained 13).
You now have 475 gold pieces (gained 19).
An orc comes into view. It is wielding a +0 hand axe.
Danger!
The magic dart hits the orc.
The orc shouts!
You hear a shout!
An orc wizard comes into view.
It is wielding a +0 dagger and wearing a +2 robe of positive energy.
The magic dart hits the orc wizard.
The orc wizard shouts!
An orc warrior comes into view. It is wielding a +0 halberd.
The magic dart hits the orc.
You kill the orc!
Sif Muna accepts your kill.
The orc warrior shouts!
You hear a shout!
An orc wizard comes into view. It is wielding a +0 dagger.
Unknown command.
Unknown command.
Unknown command.
Unknown command.
Danger!
There is an open door here.
Danger!
There is an open door here.
The orc wizard attacks as you move away!
The orc wizard hits you with a +0 dagger.
The orc wizard attacks as you move away!
The orc wizard hits you with a +0 dagger.
The orc wizard points at you and mumbles some strange words.
The magic dart hits you.
The orc wizard points at you and mumbles some strange words.
The puff of flame hits you!
There is an open door here.
Casting: Magic Dart (safe; 1% risk of failure)
Confirm with . or Enter, or press ? or * to list all spells.
The spell is extremely dangerous to miscast (22% risk of failure)!
Continue anyway?
Casting: Plasma Beam (extremely dangerous; 22% risk of failure)
Press: ? - help, Dir - look around, f - activate You miscast Plasma Beam.
You are very lightly contaminated with residual magic.
There is a short, sharp shower of sparks!
The orc warrior hits you from afar with a +0 halberd!
Casting: Plasma Beam (extremely dangerous; 22% risk of failure)
Confirm with . or Enter, or press ? or * to list all spells.
Okay, then.
Unknown command.
The orc warrior hits you with a +0 halberd!
* * * LOW HITPOINT WARNING * * *
Casting: Plasma Beam (extremely dangerous; 22% risk of failure)
Confirm with . or Enter, or press ? or * to list all spells.
Casting: Flame Wave (dangerous; 1% risk of failure)
Press: ? - help, Dir - look around, f - activate A wave of flame ripples out!
The flame wave engulfs the orc warrior. (Press . to intensify the flame waves.)
The orc wizard shouts!
The orc warrior hits you with a +0 halberd!
* * * LOW HITPOINT WARNING * * *
Unknown command.
A wave of flame ripples out!
The flame wave engulfs the orc warrior but does no damage.
The flame wave engulfs the orc wizard!!
You kill the orc wizard!
Sif Muna accepts your kill.
You hear a shout!
The orc warrior hits you with a +0 halberd!
You die...

Skill      XL: |  1  2  3  4  5  6  7  8  9 |
---------------+----------------------------+-----
Spellcasting   | 4 6 7 |  7.0
Conjurations   | 5 6 7 |  7.0
Fire Magic     | 2 4 9 10 | 10.0
Air Magic      | 2 4 5 8 |  8.5
Dodging        | |  2.4
Stealth        | |  2.4

Action                     |  1- 3 |  4- 6 |  7- 9 || total
---------------------------+-------+-------+-------++-------
  Melee: Quarterstaff      |       |       |    41 ||    41
   Cast: Magic Dart        |    59 |    64 |   127 ||   250
         Searing Ray       |     2 |    15 |    54 ||    71
         Sticky Flame      |       |       |     5 ||     5
         Flame Wave        |       |       |     3 ||     3
    Use: Potion            |       |     2 |     3 ||     5
         Scroll            |       |       |    16 ||    16
 Armour: Troll leather arm |       |     3 |    42 ||    45
  Dodge: Dodged            |     2 |    10 |    72 ||    84

Levels and vault maps discovered:
D:1:      arrival_zaba_pyramid, layout_basic, hellmonk_ecumenical_altar_run_dry,
          kennysheep_boxes
D:2:      layout_rooms, basic_altar
D:3:      layout_loops_ring, kennysheep_donut, uniq_natasha
D:4:      layout_gridville, nicolae_overflow_hidden_temple,
          makhleb_altar_promises_db, minmay_temple_entry_arrows, hex_tiny,
          uniq_duvessa
D:5:      layout_loops_ring, grunt_temple_overflow_gold_and_silver,
          beargit_hepliaklqana_dungeon_heroes, hangedman_decor_lopped,
          minivault_26, uniq_grinder
D:6:      layout_cave_pods, nicolae_uskayaw_murder_on_the_dancefloor,
          minmay_unpleasant_kobolds
D:7:      layout_basic
D:8:      layout_basic, nicolae_diode_stairs, uniq_maurice

Notes
Turn   | Place    | Note
-------+----------+-------------------------------------------
     0 | D:1      | Sobieck the Deep Elf Conjurer began the quest for the Orb.
     0 | D:1      | Reached XP level 1. HP: 10/10 MP: 6/6
     8 | D:1      | You pick up a book of Flames and begin reading...
     8 | D:1      | You add the spells Inner Flame, Sticky Flame and Flame Wave
                  | to your library.
   263 | D:1      | Reached skill level 4 in Spellcasting
   263 | D:1      | Reached XP level 2. HP: 15/15 MP: 2/9
   360 | D:1      | Found a faded altar of an unknown god.
   700 | D:1      | You pick up a book of the Senses and begin reading...
   700 | D:1      | You add the spells Agony and Silence to your library.
   816 | D:1      | Learned a level 2 spell: Searing Ray
  1278 | D:2      | Reached XP level 3. HP: 19/19 MP: 8/11
  1279 | D:2      | Reached skill level 5 in Spellcasting
  1321 | D:2      | Found an ancient bone altar of Kikubaaqudgha.
  1372 | D:2      | You pick up a book of Lightning and begin reading...
  1372 | D:2      | You add the spells Vhi's Electric Charge, Arcjolt and
                  | Plasma Beam to your library.
  1409 | D:2      | You pick up a book of Cantrips and begin reading...
  1409 | D:2      | You add the spells Necrotise, Summon Small Mammal and
                  | Apportation to your library.
  1590 | D:2      | You pick up a book of Callings and begin reading...
  1590 | D:2      | You add the spells Call Canine Familiar and Summon Guardian
                  | Golem to your library.
  1847 | D:3      | Noticed Natasha
  1853 | D:3      | Killed Natasha
  1854 | D:3      | Reached skill level 6 in Spellcasting
  1854 | D:3      | Reached XP level 4. HP: 24/24 MP: 5/14
  2033 | D:3      | You pick up a book of Callings and begin reading...
  2040 | D:3      | You pick up a book of Minor Magic and begin reading...
  2040 | D:3      | You add the spells Call Imp and Mephitic Cloud to your
                  | library.
  2255 | D:3      | You pick up a book of Dreams and begin reading...
  2255 | D:3      | You add the spells Ensorcelled Hibernation, Spider Form and
                  | Anguish to your library.
  2357 | D:3      | Noticed Natasha
  2363 | D:3      | Killed Natasha
  2369 | D:3      | Reached skill level 5 in Conjurations
  2848 | D:4      | Found a shimmering altar of Xom.
  2852 | D:4      | Found a shimmering blue altar of Sif Muna.
  2898 | D:5      | Entered Level 5 of the Dungeon
  2930 | D:5      | Reached XP level 5. HP: 28/28 MP: 10/15
  2965 | D:5      | Noticed a phantom
  2974 | D:5      | Killed a phantom
  2975 | D:5      | Reached skill level 6 in Conjurations
  3037 | D:5      | Reached XP level 6. HP: 32/32 MP: 3/17
  3443 | D:5      | Reached skill level 7 in Conjurations
  3443 | D:5      | Reached skill level 1 in Fire Magic
  3443 | D:5      | Reached skill level 1 in Air Magic
  3520 | D:5      | Learned a level 4 spell: Sticky Flame
  3551 | D:4      | Found a staircase to the Ecumenical Temple.
  3617 | D:5      | Noticed a water moccasin
  3624 | D:5      | HP: 7/32 [poisoned by a water moccasin]
  3624 | D:5      | HP: 3/32 [water moccasin (4)]
  3625 | D:5      | Killed a water moccasin
  3625 | D:5      | HP: 1/32 [poisoned by a water moccasin]
  3626 | D:5      | Reached skill level 2 in Fire Magic
  3626 | D:5      | Reached skill level 2 in Air Magic
  3731 | D:5      | Reached XP level 7. HP: 36/36 MP: 12/18
  3858 | D:5      | Noticed Grinder
  3868 | D:5      | Paralysed by Grinder for 2 turns
  3875 | D:5      | HP: 8/36 [Grinder (6)]
  3877 | D:5      | Killed Grinder
  3878 | D:5      | Reached skill level 3 in Fire Magic
  3878 | D:5      | Reached skill level 3 in Air Magic
  4087 | D:5      | Reached skill level 4 in Fire Magic
  4153 | D:5      | Noticed Blork the orc
  4173 | D:5      | Killed Blork the orc
  4236 | D:5      | Found an opulent altar of Gozag.
  4237 | D:5      | Found a glowing silver altar of Zin.
  4269 | D:5      | Found a faded altar of an unknown god.
  4270 | D:5      | Found a hazy altar of Hepliaklqana.
  4319 | D:4      | Became a worshipper of Sif Muna the Loreminder
  4395 | D:4      | Noticed Dowan
  4438 | D:4      | Noticed Duvessa
  4461 | D:4      | Killed Duvessa
  4461 | D:4      | HP: 5/36 [Dowan/shard of ice (14)]
  4462 | D:4      | Reached skill level 4 in Air Magic
  4468 | D:4      | Killed Dowan
  4594 | D:4      | You are sucked into a shaft and drop 1 floor!
  4937 | D:4      | Reached XP level 8. HP: 41/41 MP: 15/19
  4942 | D:4      | Reached skill level 5 in Fire Magic
  5143 | D:4      | Found a burning altar of Makhleb.
  5145 | D:4      | Noticed an Executioner
  5149 | D:4      | Noticed an orange demon
  5536 | D:6      | Reached skill level 5 in Air Magic
  5710 | D:6      | Reached skill level 6 in Fire Magic
  5774 | D:6      | Found a hide-covered altar of Uskayaw.
  5796 | D:6      | Reached skill level 7 in Fire Magic
  5957 | D:6      | Reached * piety under Sif Muna
  5958 | D:6      | Reached skill level 8 in Fire Magic
  6280 | D:6      | Learned a level 4 spell: Flame Wave
  6613 | D:6      | Reached skill level 9 in Fire Magic
  6613 | D:6      | Reached XP level 9. HP: 45/45 MP: 20/20
  6691 | D:6      | Learned a level 4 spell: Iskenderun's Mystic Blast
  6839 | D:6      | Reached skill level 10 in Fire Magic
  7058 | D:7      | Reached skill level 6 in Air Magic
  7096 | D:7      | Reached ** piety under Sif Muna
  7256 | D:7      | Identified the +2 leather armour of Sinos {Rampage rC+}
  7444 | D:7      | Reached skill level 7 in Air Magic
  7562 | D:7      | Reached skill level 7 in Spellcasting
  7569 | D:7      | Learned a level 6 spell: Plasma Beam
  8216 | D:8      | Reached skill level 8 in Air Magic
  8526 | D:8      | HP: 3/45 [orc warrior/+0 halberd (17)]
  8527 | D:8      | Slain by an orc warrior

Vanquished Creatures
  A hornet (D:8)
  Grinder (D:5)
  A steam dragon (D:6)
  3 water moccasins
  An acid dragon (D:7)
  Duvessa (D:4)
  A sky beast (D:6)
  3 black bears
  2 ogres (D:6)
  2 centaurs
  3 phantoms
  Blork the orc (D:5)
  A bullfrog (D:6)
  4 kobold brigands
  3 scorpions
  Dowan (D:4)
  7 wights
  3 killer bees (D:7)
  3 hounds (D:5)
  4 sleepcaps
  2 iguanas (D:6)
  Natasha (twice) (D:3)
  4 orc wizards
  8 gnolls
  7 adders
  A white imp (D:6)
  2 ufetubi (D:6)
  2 worms
  2 dart slugs
  18 orcs
  7 endoplasms
  4 giant cockroaches
  3 goblins
  6 hobgoblins
  6 jackals
  3 quokkas
  3 ball pythons
  5 bats
  6 frilled lizards
  20 kobolds
  2 rats
159 creatures vanquished.

Table legend:
 A = Non-vault XP
 B = Vault XP
 C = Vault XP percentage of total XP
 D = Non-vault monster count
 E = Vault monster count
 F = Vault count percentage of total count
                 A         B        C        D         E       F
            +---------+---------+-------+---------+---------+-------
      Total |    4563 |     833 |  15.4 |     148 |      11 |   6.9
            +---------+---------+-------+---------+---------+-------
        D:1 |      39 |       0 |   0.0 |      23 |       0 |   0.0
        D:2 |      37 |       0 |   0.0 |       7 |       0 |   0.0
        D:3 |      55 |      35 |  38.9 |      12 |       1 |   7.7
        D:4 |      96 |     217 |  69.3 |      17 |       2 |  10.5
        D:5 |     620 |     382 |  38.1 |      22 |       2 |   8.3
        D:6 |    1641 |     199 |  10.8 |      26 |       6 |  18.8
        D:7 |    1385 |       0 |   0.0 |      26 |       0 |   0.0
        D:8 |     690 |       0 |   0.0 |      15 |       0 |   0.0
            +---------+---------+-------+---------+---------+-------

Skill      XL: |  1  2  3  4  5  6  7  8  9 |
---------------+----------------------------+-----
Spellcasting   | 4 6 7 |  7.0
Conjurations   | 5 6 7 |  7.0
Fire Magic     | 2 4 9 10 | 10.0
Air Magic      | 2 4 5 8 |  8.5
Dodging        | |  2.4
Stealth        | |  2.4

Action                     |  1- 3 |  4- 6 |  7- 9 || total
---------------------------+-------+-------+-------++-------
  Melee: Quarterstaff      |       |       |    41 ||    41
   Cast: Magic Dart        |    59 |    64 |   127 ||   250
         Searing Ray       |     2 |    15 |    54 ||    71
         Sticky Flame      |       |       |     5 ||     5
         Flame Wave        |       |       |     3 ||     3
    Use: Potion            |       |     2 |     3 ||     5
         Scroll            |       |       |    16 ||    16
 Armour: Troll leather arm |       |     3 |    42 ||    45
  Dodge: Dodged            |     2 |    10 |    72 ||    84

Illustrated notes

Table legend:
 A = Kills in this place as a percentage of kills in the entire game.
 B = Kills by you in this place as a percentage of kills by you in the entire game.
 C = Kills by friends in this place as a percentage of kills by friends in the entire game.
 D = Other kills in this place as a percentage of other kills in the entire game.
 E = Experience gained in this place as a percentage of experience gained in the entire game.
 F = Experience gained in this place divided by the number of levels of this place that you have seen.
                   A       B       C       D       E      F
               +-------+-------+-------+-------+-------+----------------------
         Total | 100.0 | 100.0 |   N/A |   N/A | 100.0 | 674.5
       Dungeon | 100.0 | 100.0 |   N/A |   N/A | 100.0 | 674.5
               +-------+-------+-------+-------+-------+----------------------

Table legend: (Time is in decaauts)
 A = Elapsed time spent in this place.
 B = Non-inter-level travel time spent in this place.
 C = Inter-level travel time spent in this place.
 D = Time resting spent in this place.
 E = Time spent auto-exploring this place.
 F = Levels seen in this place.
 G = Mean time per level.
                   A        B        C        D        E       F      G
               +--------+--------+--------+--------+--------+-----+--------+
         Total |   8547 |   8210 |    337 |    391 |   6762 |   8 | 1068.4 |
       Dungeon |   8547 |   8210 |    337 |    391 |   6762 |   8 | 1068.4 |
               +--------+--------+--------+--------+--------+-----+--------+

Top non-repeatable levels by time:
     D:6: 1650 daAuts
     D:5: 1527 daAuts
     D:1: 1263 daAuts
     D:4: 1228 daAuts
     D:7: 896 daAuts
     D:3: 842 daAuts
     D:8: 581 daAuts
     D:2: 557 daAuts
